 Dungeon Crawl Stone Soup version 0.24.0-123-gd5b16e6ec5 (webtiles) character file.

Game seed: 14779670007691230370, levelgen mode: deterministic

1773 Peloso the Covered (level 8, 46/70 HPs)
             Began as a Minotaur Fighter on Jan 24, 2020.
             Was an Initiate of Okawaru.
             Got out of the dungeon alive.
             The game lasted 00:08:17 (4169 turns).

Peloso the Covered (Minotaur Fighter)               Turns: 4169, Time: 00:08:18

Health: 46/70      AC: 10    Str: 21    XL:     8   Next: 80%
Magic:  7/7        EV:  7    Int:  5    God:    Okawaru [......]
Gold:   103        SH: 11    Dex: 16    Spells: 7/7 levels left

rFire    . . .     SeeInvis .   a - +0 falchion of the Bouncing Allies {slice, Dex+4}
rCold    . . .     Gourm    .   c - +0 shield
rNeg     . . .     Faith    .   p - +0 chain mail
rPois    .         Spirit   .   (helmet restricted)
rElec    .         Reflect  .   (no cloak)
rCorr    .         Harm     .   (no gloves)
MR       .....                  (no boots)
Stlth    ..........             (no amulet)
HPRegen  0.21/turn              (no ring)
MPRegen  0.10/turn              (no ring)

@: no status effects
A: retaliatory headbutt, horns 2, wild magic 1
a: Renounce Religion


You escaped.
You worshipped Okawaru.
Okawaru was noncommittal.
You were not hungry.

You visited 2 branches of the dungeon, and saw 7 of its levels.

You collected 295 gold pieces.
You spent 192 gold pieces at shops.

Inventory:

Hand Weapons
 a - the +0 falchion of the Bouncing Allies (weapon) {slice, Dex+4}
   (You bought it in a shop on level 4 of the Dungeon)

   It inflicts extra damage upon your enemies.
   It affects your dexterity (+4).
 b - the +8 short sword "Saisamer" {pierce, SInv}
   (You found it on level 4 of the Dungeon)

   It inflicts extra damage upon your enemies.
   It lets you see invisible.
Armour
 c - a +0 shield (worn)
 p - a +0 chain mail (worn)
Scrolls
 e - 2 scrolls of amnesia {unknown}
 g - 2 scrolls of blinking {unknown}
 i - 2 scrolls of magic mapping {unknown}
 j - 5 scrolls of teleportation {unknown}
 k - 3 scrolls of enchant armour {unknown}
 l - 2 scrolls of identify {unknown}
 m - 2 scrolls of enchant weapon {unknown}
 n - a scroll of random uselessness {unknown}
 o - 3 scrolls of remove curse {unknown}
 q - a scroll of fog {unknown}
 t - a scroll of noise {unknown}
Potions
 d - 2 potions of might
Comestibles
 f - 17 rations
 r - a chunk of flesh


   Skills:
 + Level 5.8 Fighting
 + Level 5.7(6.7) Short Blades
 + Level 5.8(7.1) Long Blades
 + Level 7.6 Armour
 + Level 2.2 Dodging
 + Level 1.2 Stealth
 + Level 6.9 Shields


You had 7 spell levels left.
You didn't know any spells.
Your spell library contained the following spells:

 Spells                   Type           Power        Failure   Level  Hunger
 Beastly Appendage        Tmut           #.....       100%        1    ##.....
 Sticks to Snakes         Tmut           #.......     100%        2    ###....
 Spider Form              Tmut/Pois      #.........   100%        3    ####...
 Ice Form                 Ice/Tmut       #.......     100%        4    #####..
 Blade Hands              Tmut           #.........   100%        5    ######.


Dungeon Overview and Level Annotations

Branches:
Dungeon (6/15)             Temple (1/1) D:5

Altars:
Ashenzari
Cheibriados
Dithmenos
Elyvilon
Fedhas
Gozag
Hepliaklqana
Kikubaaqudgha
Nemelex Xobeh
Okawaru
Qazlal
Ru
Sif Muna
Trog
Vehumet
Xom
Yredelemnul
Zin
The Shining One

Shops:
D:4 *


Innate Abilities, Weirdness & Mutations

You reflexively headbutt those who attack you in melee.
You have a pair of horns on your head.
Your spells are a little harder to cast, but a little more powerful.


Message History

You climb upwards.
There is a stone staircase leading down here.
You open the door.
There is an open door here.
There is an open door here.
There is an open door here.
There is a stone staircase leading up here.
You climb upwards.
There is a stone staircase leading down here.
There is a stone staircase leading up here.
You climb upwards.
There is a stone staircase leading down here.
There is an open door here.
There is an open door here.
There is an open door here.
There is a staircase leading out of the dungeon here.
Are you sure you want to leave the Dungeon?
This will make you lose the game!
Alright, then stay!
Are you sure you want to leave the Dungeon?
This will make you lose the game!
You have escaped!

........#.............#..#.#
####
............#########..#.#.#
#...
########...##..≈....#'.....#
#.## #..##.#######.##....# #.#
#.##.##...≈.##.##...# #.#
#.#.##.#####.##.#...# #.#
#.#.#.##.≈.##...#...# #.#
#.#.#.#.##'.'.#.#...# #.#
#.#.#.#.#@#.#.#.#...# #.#
#.#.#.#.###.#.#.#...# #.#
#.#.#.##...##.#.#...# #.#
##.#.##.#####.##.#...# #.#
#..##.##.....##.##...# #.#
#...##.#######.##....# #.#
##.#..##...(...##..#..# #.#
######..##..#########......###.#
.......####...........###.>....#


There were no monsters in sight!

Vanquished Creatures
  An unseen horror (D:5)
  A troll (D:4)
  Sigmund (D:3)
  An orc warrior (D:6)
  An ogre (D:4)
  2 centaurs
  A scorpion (D:4)
  A crimson imp (D:5)
  A hound (D:4)
  4 orc priests
  5 orc wizards
  3 worker ants
  A hound skeleton (D:4)
  A worker ant zombie (D:5)
  2 adders (D:5)
  An ooze (D:3)
  A worm (D:3)
  A dart slug (D:4)
  A leopard gecko (D:4)
  20 orcs
  2 giant cockroaches
  5 goblins
  6 hobgoblins
  2 jackals (D:1)
  7 kobolds
  3 quokkas
  A ball python (D:4)
  4 bats
  2 frilled lizards (D:3)
  A leopard gecko skeleton (D:4)
  A quokka zombie (D:5)
  3 rats
87 creatures vanquished.

Notes
Turn   | Place    | Note
-------+----------+-------------------------------------------
     0 | D:1      | Peloso the Minotaur Fighter began the quest for the Orb.
     0 | D:1      | Reached XP level 1. HP: 19/19 MP: 0/0
    71 | D:1      | Reached skill level 4 in Armour
   267 | D:1      | Reached XP level 2. HP: 26/27 MP: 1/1
  1191 | D:3      | Reached XP level 3. HP: 33/33 MP: 2/2
  1378 | D:3      | Noticed Sigmund
  1393 | D:3      | Killed Sigmund
  1393 | D:3      | Reached skill level 1 in Dodging
  1393 | D:3      | Reached XP level 4. HP: 25/41 MP: 3/3
  1393 | D:3      | Reached XP level 5. HP: 29/47 MP: 4/4
  1563 | D:3      | Found a sparkling altar of Nemelex Xobeh.
  1638 | D:3      | Reached skill level 5 in Shields
  1642 | D:3      | Reached XP level 6. HP: 27/53 MP: 5/5
  2236 | D:4      | Got an ebony short sword
  2237 | D:4      | Identified the +8 short sword "Saisamer" {pierce, SInv}
                  | (You found it on level 4 of the Dungeon)
  2286 | D:4      | Reached skill level 5 in Long Blades
  2286 | D:4      | Reached skill level 5 in Armour
  2409 | D:4      | Found Vaingiz's Assorted Antiques.
  2485 | D:4      | Reached skill level 1 in Short Blades
  2485 | D:4      | Reached XP level 7. HP: 43/60 MP: 6/6
  2670 | D:4      | Noticed a troll
  2677 | D:4      | Killed a troll
  2677 | D:4      | Reached skill level 5 in Fighting
  3013 | D:5      | Entered Level 5 of the Dungeon
  3049 | D:5      | Found a shadowy altar of Dithmenos.
  3143 | D:5      | Reached skill level 6 in Armour
  3335 | D:5      | Reached skill level 1 in Stealth
  3386 | D:5      | Found a staircase to the Ecumenical Temple.
  3446 | D:5      | Noticed an unseen horror
  3469 | D:5      | Killed an unseen horror
  3469 | D:5      | Reached skill level 5 in Short Blades
  3469 | D:5      | Reached skill level 7 in Armour
  3469 | D:5      | Reached XP level 8. HP: 57/70 MP: 7/7
  3496 | Temple   | Entered the Ecumenical Temple
  3657 | Temple   | Became a worshipper of Warmaster Okawaru
  3910 | D:4      | Bought a jewelled falchion for 192 gold pieces
  3911 | D:4      | Identified the +0 falchion of the Bouncing Allies {slice,
                  | Dex+4} (You bought it in a shop on level 4 of the Dungeon)
  4003 | D:6      | Gained mutation: You have a pair of large horns on your
                  | head. [potion of mutation]
  4003 | D:6      | Gained mutation: Your flesh is heat resistant. (rF+)
                  | [potion of mutation]
  4033 | D:6      | Lost mutation: Your flesh is heat resistant. (rF+) [potion
                  | of mutation]
  4033 | D:6      | Lost mutation: You have a pair of large horns on your head.
                  | [potion of mutation]
  4033 | D:6      | Gained mutation: Armour fits poorly on your strangely
                  | shaped body. [potion of mutation]
  4033 | D:6      | Lost mutation: Armour fits poorly on your strangely shaped
                  | body. [potion of mutation]
  4033 | D:6      | Gained mutation: Your spells are a little harder to cast,
                  | but a little more powerful. [potion of mutation]
  4169 | D:$      | Got out of the dungeon alive.

Levels and vault maps discovered:
D:1:      evilmike_arrival_rings, layout_basic
D:2:      layout_rooms
D:3:      layout_basic, nemelex_xobeh_ov_fountains_minmay, first_ration,
          kennysheep_generic_room_14, uniq_sigmund
D:4:      layout_basic, serial_shops, shop
D:5:      layout_rooms, minmay_temple_entry_mist,
          nicolae_dithmenos_through_a_glass_darkly
D:6:      layout_basic, serial_shops, shop, minmay_misc_feat_diagonals,
          uniq_grinder
Temple:   dpeg_five_rooms_temple

Skill      XL: |  1  2  3  4  5  6  7 |
---------------+----------------------+-----
Armour         | 4 5 7 |  7.6
Shields        | 4 5 6 |  6.9
Fighting       | 4 5 |  5.8
Long Blades    | 4 5 |  5.8
Dodging        | 1 2 |  2.2
Short Blades   | 1 5 |  5.7
Stealth        | 1 |  1.2

Action                   |  1- 3 |  4- 6 |  7- 9 || total
-------------------------+-------+-------+-------++-------
Melee: Long sword        |    79 |    23 |       ||   102
       Headbutt          |     7 |     7 |    29 ||    43
       Short sword       |       |    20 |    75 ||    95
       Falchion          |       |       |    30 ||    30
  Use: Potion            |     4 |       |     3 ||     7
  Eat: Chunk             |     2 |     3 |     5 ||    10
Armor: Scale mail        |    44 |     3 |       ||    47
       Chain mail        |       |     7 |    45 ||    52
Dodge: Dodged            |    37 |     7 |    24 ||    68
Block: Shield            |    44 |    13 |    45 ||   102
       Rpst.: Long sword |    13 |       |       ||    13
